 Dungeon Crawl Stone Soup version 0.18-a0-816-g97f838e (webtiles) character file.

35 ololoev the Chopper (level 3, 22/27 HPs)
             Began as a Demonspawn Gladiator on Dec 15, 2015.
             Quit the game on level 2 of the Dungeon.
             The game lasted 00:04:55 (1178 turns).

ololoev the Chopper (Demonspawn Gladiator)          Turns: 1178, Time: 00:04:55

Health: 22/27      AC:  6    Str: 16    XL:     3   Next: 16%
Magic:  3/3        EV: 10    Int:  9    God:
Gold:   29         SH:  0    Dex: 13    Spells: 0 memorised, 2 levels left

rFire  . . .     SeeInvis .     a - +0 war axe
rCold  . . .     Clarity  .     q - +0 scale mail
rNeg   . . .     SustAt   .     (no shield)
rPois  .         Gourm    .     (helmet restricted)
rElec  .         Spirit   .     (no cloak)
rCorr  .         Dismiss  .     (no gloves)
rMut   .         Stasis   .     (no boots)
MR     .....                    (no amulet)
Stlth  ..........               (no ring)
                                (no ring)

@: mildly poisoned (22 -> 18), not resistant to hostile enchantments, extremely
unstealthy
A: antennae 1, claws 1
a: no special abilities


Innate Abilities, Weirdness & Mutations

You have a pair of small antennae on your head.
You have sharp fingernails.

Inventory:

Hand Weapons
 a - a +0 war axe (weapon)
Missiles
 d - 3 throwing nets (quivered)
Armour
 q - a +0 scale mail (worn)
Jewellery
 n - an uncursed ring of positive energy {unknown}
Scrolls
 e - a scroll of enchant weapon {unknown}
 i - 3 scrolls of identify {unknown}
 l - 2 scrolls of amnesia {unknown}
 o - a scroll of noise {unknown}
Potions
 h - 3 potions of lignification {unknown}
 j - a potion of resistance {unknown}
 m - a potion of heal wounds {unknown}
Comestibles
 b - a chunk of flesh
 f - 2 bread rations
 k - a meat ration


   Skills:
 - Level 2.0 Fighting
 * Level 3.4 Axes
 - Level 1.7 Throwing
 + Level 1.5 Armour
 - Level 2.6 Dodging


You had 2 spell levels left.
You didn't know any spells.


You were on level 2 of the Dungeon.
You were not hungry.

You visited 1 branch of the dungeon, and saw 2 of its levels.

You collected 29 gold pieces.

#......###..#._.#..###....
#..>##...##..#.#..##......
#.#.......##..#..##.......
# #........#+...##........
########..##.##.....S...
########...###...#.
...[.....#..#..#.#{
########.#..#.##.#
#....#..@..#.#
#.##.###.#.#.#
#..........#.#
####.###...#.# #...<#..#.#
######..#.# .........#
#######.## #.#

Notes
Turn   | Place    | Note
--------------------------------------------------------------
     0 | D:1      | ololoev the Demonspawn Gladiator began the quest for the Orb.
     0 | D:1      | Reached XP level 1. HP: 16/16 MP: 1/1
   101 | D:1      | Reached skill level 3 in Axes
   221 | D:1      | Reached skill level 1 in Armour
   221 | D:1      | Gained mutation: You have a pair of small antennae on your head. [demonic ancestry]
   221 | D:1      | Reached XP level 2. HP: 20/22 MP: 2/2
   902 | D:2      | Found a glowing golden altar of the Shining One.
  1174 | D:2      | Gained mutation: You have sharp fingernails. [demonic ancestry]
  1174 | D:2      | Reached XP level 3. HP: 24/27 MP: 3/3
  1178 | D:2      | Quit the game

Dungeon Overview and Level Annotations

Branches:
Dungeon (2/15)

Altars:
The Shining One


Message History

You finish taking off your +0 leather armour.
You start putting on your armour.
You continue putting on your scale mail. x5
You finish putting on your +0 scale mail.
Drop what? 17/52 slots (_ for help) (? for menu, Esc to quit)
You drop a +0 leather armour.
You drop a +0 helmet.
You drop a ring mail.
You start resting.
You sense a monster nearby.
You hit the worm.
The worm is moderately wounded.
The worm bites you but does no damage.
You are feeling hungry.
You see here a sedimented cyan potion.
h - 3 sedimented cyan potions (gained 1)
You see here a rat skeleton.
You start resting.
Eating a chunk of flesh.
This raw flesh tastes terrible.
You continue eating. x2
You start resting.
HP restored.
You sense a monster nearby.
An adder comes into view.
You hit the adder.
The adder is lightly wounded.
The adder bites you.
You are poisoned.
The adder poisons you!
You slash the adder!
You kill the adder!
You have reached level 3!
Your experience leads to an increase in your attributes!
Increase (S)trength, (I)ntelligence, or (D)exterity?
You feel stronger.
Your demonic ancestry asserts itself...
Your fingernails lengthen.
You feel sick.
You see here an adder corpse.
You butcher the adder corpse.
You feel sick.
b - a chunk of flesh Are you sure you want to abandon this character and quit the game? (Confirm with "yes".)

There were no monsters in sight!

Vanquished Creatures
  An adder (D:2)
  A giant gecko (D:1)
  5 giant cockroaches (D:1)
  2 goblins (D:1)
  A hobgoblin (D:1)
  3 jackals (D:1)
  3 kobolds (D:1)
  3 giant newts (D:1)
  5 rats
24 creatures vanquished.

Action                   || total
-------------------------++-------
Melee: War axe           ||    66
  Eat: Chunk             ||     1

Vault maps used:
D:1:      wheals_arrival_linesprint, st_stairs_5, monster_avoids_cloud
D:2:      kennysheep_okawaru_gauntlet, serial_forest, infiniplex_forest_end_3,
          infiniplex_forest_clump_small, infiniplex_forest_straight_4,
          infiniplex_forest_end_double, infiniplex_forest_straight_4,
          infiniplex_forest_lined_2, infiniplex_forest_join,
          infiniplex_forest_lined_room_2, infiniplex_forest_side_room,
          tso_metal_star, uniq_terence
